[Event "DVM U14 2024"]
[Site "Heidelberg"]
[Date "2024.12.29"]
[Round "5"]
[White "Pazar, Ubeyd"]
[Black "Klein, Deniz"]
[Result "1/2-1/2"]
[ECO "E43"]
[WhiteElo "1669"]
[BlackElo "1852"]
[Annotator "NA RC"]
[PlyCount "97"]
[EventDate "2024.12.23"]
[EventType "team-tourn"]
[EventRounds "7"]
[EventCountry "GER"]
[SourceTitle "playchess.com"]
[Source "ChessBase"]
[SourceQuality "1"]
[TimeControl "40/5400+30:1800+30"]

1. d4 Nf6 2. Nf3 e6 3. c4 b6 4. Nc3 Bb4 5. Bd2 Bb7 6. e3 O-O 7. Bd3 c5 8. a3 Bxc3 9. Bxc3 cxd4 10. Nxd4 d5 11. Ne2 Nbd7 12. b4 Rc8 13. cxd5 Nxd5 14. Bb2 Qg5 15. h4 Qe7 16. Rh3 Rfd8 17. h5 h6 18. g4 e5 19. Ng3 Nxb4 20. Nf5 Nxd3+ 21. Qxd3 Qe6 22. Qd6 Qxd6 23. Nxd6 Rc7 24. Nxb7 Rxb7 25. Rd1 Re8 26. Rh1 Nc5 27. Ke2 f6 28. Rd5 Rc7 29. Bc3 Rec8 30. Bb4 Ne4 31. Kf3 Nc3 32. Bxc3 Rxc3 33. a4 Ra3 34. a5 Rxa5 35. Rxa5 bxa5 36. Ra1 Rc5 37. Ke4 Kf7 38. Kf5 Rb5 39. Rc1 Rb7 40. Rc5 a4 41. Ra5 a3 42. Rxa3 Re7 43. Ke4 g6 44. Ra6 Rb7 45. Ra4 Rd7 46. Ra6 Rb7 47. Ra4 Rc7 48. Ra6 Rb7 49. Ra4 1/2-1/2

[Event "DVM U14 2024"]
[Site "Heidelberg"]
[Date "2024.12.29"]
[Round "5"]
[White "Sitnik, Arthur"]
[Black "Scharff, Oskar"]
[Result "1-0"]
[ECO "C29"]
[WhiteElo "1668"]
[BlackElo "1583"]
[Annotator "NA"]
[PlyCount "79"]
[EventDate "2024.12.23"]
[EventType "team-tourn"]
[EventRounds "7"]
[EventCountry "GER"]
[SourceTitle "playchess.com"]
[Source "ChessBase"]
[SourceQuality "1"]
[TimeControl "40/5400+30:1800+30"]

1. e4 e5 2. Nc3 Nf6 3. f4 d5 4. fxe5 Nxe4 5. Qf3 f5 6. d3 Nxc3 7. bxc3 d4 8. Qg3 Nc6 9. Be2 Be6 10. Bf3 Qd7 11. Ne2 O-O-O 12. O-O Bc5 13. Kh1 h6 14. Nf4 Rdf8 15. Ng6 dxc3 16. Bxc6 Qxc6 17. d4 Bb4 18. a3 Qb5 19. Be3 Bxa3 20. Rfb1 Bb2 21. Rxa7 Kb8 22. d5 Bxd5 23. Ra3 Qc4 24. Ba7+ Kc8 25. Rb3 b6 26. Bxb6 cxb6 27. Rxb6 Qc7 28. Rd6 Be4 29. Re1 Bxc2 30. Rc6 Qxc6 31. Ne7+ Kb7 32. Nxc6 Kxc6 33. Qg6+ Kc7 34. Qxg7+ Kc8 35. e6 Ba4 36. Qd4 Bc6 37. Qb6 Bb7 38. e7 Re8 39. Qe6+ Kb8 40. Re5 1-0

[Event "DVM U14 2024"]
[Site "Heidelberg"]
[Date "2024.12.29"]
[Round "5"]
[White "Derhay, Davyd"]
[Black "Muller, Anker"]
[Result "1/2-1/2"]
[ECO "B13"]
[WhiteElo "1665"]
[BlackElo "1744"]
[Annotator "NA RC"]
[PlyCount "133"]
[EventDate "2024.12.23"]
[EventType "team-tourn"]
[EventRounds "7"]
[EventCountry "GER"]
[SourceTitle "playchess.com"]
[Source "ChessBase"]
[SourceQuality "1"]
[TimeControl "40/5400+30:1800+30"]

1. e4 c6 2. d4 d5 3. exd5 cxd5 4. Bd3 Nc6 5. c3 Nf6 6. h3 Ne4 7. Nf3 Bf5 8. Nh4 g6 9. g4 Bd7 10. Ng2 e6 11. Bf4 Bg7 12. f3 Nf6 13. Nd2 O-O 14. O-O b6 15. Bh2 Ne8 16. Qe2 Bc8 17. Rae1 Nd6 18. Bxd6 Qxd6 19. f4 Bd7 20. f5 exf5 21. gxf5 Rae8 22. Qf3 Rxe1 23. Rxe1 Ne7 24. Ne3 Bxf5 25. Bxf5 Nxf5 26. Nxf5 gxf5 27. Rf1 Qg6+ 28. Kh1 Qh6 29. Rf2 f4 30. Qxd5 Qxh3+ 31. Rh2 Qe6 32. Qf3 Qe1+ 33. Nf1 Qb1 34. Qxf4 Qxa2 35. Qf5 h6 36. Qg4 Qd5+ 37. Rg2 Qg5 38. Qxg5 hxg5 39. Rxg5 Re8 40. Ng3 f6 41. Rg4 Kf7 42. Nf5 Re1+ 43. Kg2 Bf8 44. Kf3 Rf1+ 45. Ke4 Rf2 46. b3 Rb2 47. Rh4 Rxb3 48. Rh7+ Kg6 49. Rxa7 Rxc3 50. Rb7 Rb3 51. Ne3 Bh6 52. Nd5 f5+ 53. Ke5 Bg7+ 54. Ke6 Bxd4 55. Ne7+ Kg5 56. Nxf5 Bc5 57. Ke5 Kg4 58. Rg7+ Kh3 59. Kd5 Kh2 60. Kc6 Rf3 61. Ne7 Rf6+ 62. Kb5 Re6 63. Nc8 Re5 64. Rh7+ Kg2 65. Nxb6 Bf2+ 66. Ka6 Re6 67. Rb7 1/2-1/2

[Event "DVM U14 2024"]
[Site "Heidelberg"]
[Date "2024.12.29"]
[Round "5"]
[White "Li, Xiao Teng"]
[Black "Schucht, Adrian"]
[Result "1/2-1/2"]
[ECO "E06"]
[WhiteElo "1661"]
[BlackElo "1617"]
[Annotator "NA"]
[PlyCount "63"]
[EventDate "2024.12.23"]
[EventType "team-tourn"]
[EventRounds "7"]
[EventCountry "GER"]
[SourceTitle "playchess.com"]
[Source "ChessBase"]
[SourceQuality "1"]
[TimeControl "40/5400+30:1800+30"]

1. c4 e6 2. d4 d5 3. Nc3 Nf6 4. g3 Be7 5. Bg2 O-O 6. Nf3 c6 7. a4 a5 8. O-O Nbd7 9. cxd5 exd5 10. Bd2 Nb6 11. Qc2 Re8 12. Rfe1 Bb4 13. Ne5 Bxc3 14. bxc3 h6 15. Rab1 Nbd7 16. Nf3 Nb6 17. Ne5 Nbd7 18. Nf3 Re7 19. Nh4 Nb6 20. Nf3 Nc4 21. Qc1 Bf5 22. Rb3 Kh7 23. Nh4 Qd7 24. Bf4 Rae8 25. Bf1 Bh3 26. Bxh3 Qxh3 27. Qb1+ Kg8 28. Qf5 Ng4 29. Nf3 Rxe2 30. Rxe2 Rxe2 31. Qc8+ Kh7 32. Qf5+ 1/2-1/2

[Event "DVM U14 2024"]
[Site "Heidelberg"]
[Date "2024.12.29"]
[Round "5"]
[White "Zabashtanskyi, Andrii"]
[Black "Madel, Luca"]
[Result "1-0"]
[ECO "D31"]
[WhiteElo "1644"]
[BlackElo "1657"]
[Annotator "NA"]
[PlyCount "47"]
[EventDate "2024.12.23"]
[EventType "team-tourn"]
[EventRounds "7"]
[EventCountry "GER"]
[SourceTitle "playchess.com"]
[Source "ChessBase"]
[SourceQuality "1"]
[TimeControl "40/5400+30:1800+30"]

1. d4 d5 2. c4 e6 3. Nc3 Nf6 4. Bf4 c6 5. cxd5 exd5 6. e3 Bd6 7. Bxd6 Qxd6 8. Bd3 Be6 9. Nf3 Nbd7 10. h3 h6 11. O-O O-O 12. Qe2 Rfe8 13. Rab1 a5 14. a3 b5 15. b4 axb4 16. axb4 Nb6 17. Ne5 Nfd7 18. f4 Nxe5 19. dxe5 Qd8 20. Qh5 d4 21. f5 Bxf5 22. Qxf5 dxc3 23. Qxf7+ Kh8 24. Qg6 1-0

[Event "DVM U14 2024"]
[Site "Heidelberg"]
[Date "2024.12.29"]
[Round "5"]
[White "Zhu, Timo Kaiheng"]
[Black "Luccone, Constantin"]
[Result "1/2-1/2"]
[ECO "D02"]
[WhiteElo "1615"]
[BlackElo "1567"]
[Annotator "NA"]
[PlyCount "90"]
[EventDate "2024.12.23"]
[EventType "team-tourn"]
[EventRounds "7"]
[EventCountry "GER"]
[SourceTitle "playchess.com"]
[Source "ChessBase"]
[SourceQuality "1"]
[TimeControl "40/5400+30:1800+30"]

1. d4 d5 2. Bf4 Nf6 3. e3 c5 4. Nf3 Nc6 5. Nbd2 Qb6 6. dxc5 Qxb2 7. Rb1 Qc3 8. Rb3 Qxc5 9. Bd3 Qa5 10. O-O Qd8 11. c4 e6 12. cxd5 exd5 13. Qc2 Bd6 14. Bg3 O-O 15. Rfb1 Qe7 16. Bb5 Bd7 17. Bxd6 Qxd6 18. Bd3 Rac8 19. Qd1 b6 20. Ba6 Rb8 21. a4 Ne5 22. Nxe5 Qxe5 23. Rb4 Bf5 24. Nf3 Qd6 25. Bd3 Bxd3 26. Qxd3 Rfd8 27. h3 h6 28. Rd4 Ne4 29. Rd1 Nf6 30. Ne1 Qc6 31. Nc2 Rbc8 32. Nb4 Qc3 33. Qxc3 Rxc3 34. Nxd5 Nxd5 35. Rxd5 Rxd5 36. Rxd5 Rc4 37. a5 Rc5 38. Rd8+ Kh7 39. axb6 axb6 40. Rb8 b5 41. Kf1 Kg6 42. Ke2 Kf6 43. Kd2 Ke6 44. Rb7 Rf5 45. f4 Rc5 1/2-1/2

[Event "DVM U14 2024"]
[Site "Heidelberg"]
[Date "2024.12.29"]
[Round "5"]
[White "Belenki, Janis"]
[Black "Meijers, Jaroslav"]
[Result "1-0"]
[ECO "B45"]
[WhiteElo "1611"]
[BlackElo "1663"]
[Annotator "NA"]
[PlyCount "103"]
[EventDate "2024.12.23"]
[EventType "team-tourn"]
[EventRounds "7"]
[EventCountry "GER"]
[SourceTitle "playchess.com"]
[Source "ChessBase"]
[SourceQuality "1"]
[TimeControl "40/5400+30:1800+30"]

1. e4 c5 2. Nf3 e6 3. d4 cxd4 4. Nxd4 Nf6 5. Nc3 Nc6 6. Nxc6 bxc6 7. e5 Nd5 8. Ne4 Qc7 9. f4 Qb6 10. c4 Bb4+ 11. Ke2 f5 12. exf6 Nxf6 13. Be3 Qa5 14. Nxf6+ gxf6 15. a3 Be7 16. Kf2 h5 17. b4 Qf5 18. h3 h4 19. Bd3 Qh5 20. Qxh5+ Rxh5 21. Bg6+ Kd8 22. Bxh5 f5 23. c5 Bf6 24. Rad1 Ke7 25. Bd4 a5 26. Bxf6+ Kxf6 27. Rd4 axb4 28. axb4 Ra2+ 29. Be2 e5 30. Rd6+ Ke7 31. fxe5 Ba6 32. Re1 Rb2 33. Ke3 Bc8 34. Rd2 Rxb4 35. Rd4 Rb3+ 36. Kf4 Rc3 37. Rc4 Ra3 38. Kg5 Rg3+ 39. Kxh4 Rxg2 40. Bf3 Rg8 41. Rf4 Ke6 42. Rd4 Ke7 43. Rd6 Rh8+ 44. Kg3 Ba6 45. e6 dxe6 46. Rexe6+ Kf7 47. Rf6+ Ke7 48. Rde6+ Kd8 49. Rxc6 Rg8+ 50. Kf4 Bb7 51. Rfd6+ Ke8 52. Rb6 1-0

[Event "DVM U14 2024"]
[Site "Heidelberg"]
[Date "2024.12.29"]
[Round "5"]
[White "Meusel, Theodor"]
[Black "Mosch, Cornelius"]
[Result "1/2-1/2"]
[ECO "A25"]
[WhiteElo "1608"]
[BlackElo "1405"]
[Annotator "NA RC"]
[PlyCount "81"]
[EventDate "2024.12.23"]
[EventType "team-tourn"]
[EventRounds "7"]
[EventCountry "GER"]
[SourceTitle "playchess.com"]
[Source "ChessBase"]
[SourceQuality "1"]
[TimeControl "40/5400+30:1800+30"]

1. c4 e5 2. g3 Nf6 3. Bg2 Nc6 4. Nc3 Bc5 5. e4 O-O 6. Nge2 Nd4 7. O-O d6 8. h3 Be6 9. d3 c6 10. Kh2 Nd7 11. f4 f5 12. Nxd4 Bxd4 13. exf5 Bxf5 14. g4 Be6 15. f5 Bf7 16. Qf3 Qc7 17. Qg3 Kh8 18. g5 g6 19. f6 Nc5 20. Ne2 Ne6 21. Nxd4 Nxd4 22. Be3 Nf5 23. Qf2 Nxe3 24. Qxe3 Rad8 25. Qxa7 d5 26. cxd5 Bxd5 27. Bxd5 Rxd5 28. Qe3 e4+ 29. Kh1 Rxd3 30. Qf4 Qxf4 31. Rxf4 Rxh3+ 32. Kg2 Rd3 33. Rxe4 Rd5 34. Rg4 Rd2+ 35. Kg3 Rxb2 36. Re4 Kg8 37. Re7 Rb5 38. Kg4 Rd8 39. Rae1 Rd4+ 40. R1e4 Rbb4 41. Re8+ 1/2-1/2

[Event "DVM U14 2024"]
[Site "Heidelberg"]
[Date "2024.12.29"]
[Round "5"]
[White "Spielvogel, Oliver"]
[Black "Laube, Karl"]
[Result "0-1"]
[ECO "A43"]
[WhiteElo "1543"]
[BlackElo "1635"]
[Annotator "NA"]
[PlyCount "80"]
[EventDate "2024.12.23"]
[EventType "team-tourn"]
[EventRounds "7"]
[EventCountry "GER"]
[SourceTitle "playchess.com"]
[Source "ChessBase"]
[SourceQuality "1"]
[TimeControl "40/5400+30:1800+30"]

1. d4 e6 2. Nf3 c5 3. Bf4 cxd4 4. Nxd4 e5 5. Bxe5 Qa5+ 6. Nc3 Qxe5 7. e3 Nc6 8. Ndb5 Nf6 9. Qd2 a6 10. f4 Qb8 11. Na3 Bb4 12. Nc4 Qc7 13. a3 Bxc3 14. Qxc3 O-O 15. Bd3 Re8 16. O-O d6 17. Rad1 Be6 18. Nxd6 Red8 19. Nc4 Bxc4 20. Qxc4 Rac8 21. Qb3 Qe7 22. Rde1 Rc7 23. Qa2 Ne4 24. Qb1 Nd2 25. Qd1 Nxf1 26. Kxf1 Rcd7 27. Qh5 h6 28. Qf5 g6 29. Qh3 Kg7 30. f5 Qf6 31. e4 Ne5 32. Kg1 Nxd3 33. cxd3 Rxd3 34. Qg4 h5 35. Qe2 Qd4+ 36. Kf1 Rd1 37. f6+ Qxf6+ 38. Kg1 Rxe1+ 39. Qxe1 Qd4+ 40. Kf1 Qd1 0-1

[Event "DVM U14 2024"]
[Site "Heidelberg"]
[Date "2024.12.29"]
[Round "5"]
[White "Zielke, Constantin"]
[Black "Retzlaff, Kian"]
[Result "0-1"]
[ECO "B90"]
[WhiteElo "1543"]
[BlackElo "1826"]
[Annotator "NA"]
[PlyCount "58"]
[EventDate "2024.12.23"]
[EventType "team-tourn"]
[EventRounds "7"]
[EventCountry "GER"]
[SourceTitle "playchess.com"]
[Source "ChessBase"]
[SourceQuality "1"]
[TimeControl "40/5400+30:1800+30"]

1. e4 c5 2. Nf3 d6 3. d4 cxd4 4. Nxd4 Nf6 5. Nc3 a6 6. Bd3 e5 7. Nf3 Be7 8. Be3 O-O 9. Nd5 Nxd5 10. exd5 f5 11. Bc4 Nd7 12. h4 b5 13. Bb3 f4 14. Bd2 Nc5 15. Qe2 Bg4 16. Qf1 e4 17. Nd4 e3 18. f3 exd2+ 19. Kxd2 Bd7 20. Ne6 Bxe6 21. dxe6 d5 22. Re1 Rc8 23. Kc1 Rc6 24. Re5 Nxb3+ 25. axb3 Qc7 26. Qe2 Rc8 27. c3 d4 28. Qe4 dxc3 29. Rh5 cxb2+ 0-1

[Event "DVM U14 2024"]
[Site "Heidelberg"]
[Date "2024.12.29"]
[Round "5"]
[White "Draxler, Henning"]
[Black "Yang, Sophie"]
[Result "0-1"]
[ECO "C05"]
[WhiteElo "1480"]
[BlackElo "1547"]
[Annotator "NA"]
[PlyCount "88"]
[EventDate "2024.12.23"]
[EventType "team-tourn"]
[EventRounds "7"]
[EventCountry "GER"]
[SourceTitle "playchess.com"]
[Source "ChessBase"]
[SourceQuality "1"]
[TimeControl "40/5400+30:1800+30"]

1. e4 e6 2. d4 d5 3. Nd2 Nf6 4. e5 Nfd7 5. f4 c5 6. c3 Nc6 7. Ndf3 Qb6 8. b3 f6 9. Ne2 cxd4 10. cxd4 Bb4+ 11. Bd2 O-O 12. Bxb4 Qxb4+ 13. Qd2 fxe5 14. fxe5 Qxd2+ 15. Kxd2 a5 16. a4 Nb4 17. Nc3 Nb8 18. Na2 N8c6 19. Nc3 Na7 20. Be2 b6 21. g4 Ba6 22. Bxa6 Rxf3 23. Be2 Rf4 24. Ke3 Raf8 25. Raf1 Nc2+ 26. Kd3 Nxd4 27. Rxf4 Rxf4 28. Bd1 Ndc6 29. Ke3 Rb4 30. Kf3 Nxe5+ 31. Kg3 Rd4 32. Be2 Rd2 33. Kf4 Nac6 34. Ke3 Rc2 35. Nb1 d4+ 36. Kf2 d3 37. Ke3 Rxe2+ 38. Kf4 Ng6+ 39. Kf3 Nd4+ 40. Kg3 d2 41. Rd1 Nxb3 42. Kf3 Re1 43. Rxd2 Nxd2+ 44. Nxd2 Ra1 0-1

[Event "DVM U14 2024"]
[Site "Heidelberg"]
[Date "2024.12.29"]
[Round "5"]
[White "Popitz, Paul"]
[Black "Kovalenko, Andrii"]
[Result "1-0"]
[ECO "C50"]
[WhiteElo "1449"]
[BlackElo "1211"]
[Annotator "NA"]
[PlyCount "129"]
[EventDate "2024.12.23"]
[EventType "team-tourn"]
[EventRounds "7"]
[EventCountry "GER"]
[SourceTitle "playchess.com"]
[Source "ChessBase"]
[SourceQuality "1"]
[TimeControl "40/5400+30:1800+30"]

1. e4 e5 2. Nf3 Nc6 3. Bc4 Nf6 4. d3 Bc5 5. O-O d6 6. a4 Bg4 7. c3 a5 8. Be3 Nd7 9. Nbd2 h6 10. Re1 O-O 11. Nf1 Qf6 12. Ng3 Bxf3 13. Qxf3 Qxf3 14. gxf3 Ba7 15. Kh1 Nb6 16. Bb3 Rfe8 17. Rg1 Ne7 18. Nh5 g6 19. Nf6+ Kg7 20. Nxe8+ Rxe8 21. Rg3 c6 22. f4 exf4 23. Bxf4 Nbc8 24. Be3 Bb8 25. Rh3 h5 26. Rg1 d5 27. exd5 Nxd5 28. Bxd5 cxd5 29. Rxh5 Ne7 30. Rh3 Nf5 31. Rf3 Nh4 32. Bd4+ Be5 33. Re3 f6 34. f4 Nf5 35. Ree1 Bxd4 36. Rxe8 Bxg1 37. Kxg1 Kf7 38. Rb8 Nd6 39. Ra8 b6 40. Rb8 Ke7 41. Rxb6 Kd7 42. Ra6 Kc7 43. Rxa5 Kc6 44. Ra6+ Kc7 45. Rxd6 Kxd6 46. b4 Kc6 47. Kf2 d4 48. c4 f5 49. h4 Kb6 50. h5 gxh5 51. Kg3 Kc6 52. Kh4 Kb6 53. Kxh5 Kc6 54. Kg6 Kb6 55. Kxf5 Kc7 56. Ke6 Kd8 57. f5 Ke8 58. f6 Kd8 59. f7 Kc7 60. f8=Q Kb7 61. Qc5 Ka6 62. Kd7 Kb7 63. Qb5+ Ka8 64. Kc7 Ka7 65. Qa5# 1-0

[Event "DVM U14 2024"]
[Site "Heidelberg"]
[Date "2024.12.29"]
[Round "5"]
[White "Arora, Ryan"]
[Black "Fridlin, Daniel"]
[Result "1-0"]
[ECO "E65"]
[WhiteElo "1390"]
[BlackElo "1789"]
[Annotator "NA"]
[PlyCount "95"]
[EventDate "2024.12.23"]
[EventType "team-tourn"]
[EventRounds "7"]
[EventCountry "GER"]
[SourceTitle "playchess.com"]
[Source "ChessBase"]
[SourceQuality "1"]
[TimeControl "40/5400+30:1800+30"]

1. d4 Nf6 2. c4 g6 3. Nf3 Bg7 4. g3 O-O 5. Bg2 d6 6. Nc3 c5 7. e3 Nc6 8. b3 Bf5 9. Bb2 a6 10. O-O Rb8 11. d5 Na5 12. Nd2 b5 13. e4 Bd7 14. cxb5 axb5 15. f4 Qb6 16. Kh1 Ng4 17. Qf3 b4 18. Nd1 Rbc8 19. Bxg7 Kxg7 20. h3 Nf6 21. Nb2 e6 22. Nbc4 Nxc4 23. Nxc4 Qc7 24. Nxd6 Qxd6 25. e5 Qe7 26. exf6+ Qxf6 27. a4 bxa3 28. Rxa3 Ra8 29. Rxa8 Rxa8 30. dxe6 Rd8 31. exd7 Rxd7 32. Qe3 Qb6 33. Rc1 Rc7 34. Qc3+ f6 35. b4 c4 36. Rd1 Qe6 37. g4 Qe2 38. Rd6 Qe7 39. Rb6 h6 40. g5 hxg5 41. fxg5 Kh7 42. Rxf6 Rd7 43. Qxc4 Qe1+ 44. Rf1 Qe5 45. Rf7+ Rxf7 46. Qxf7+ Kh8 47. Qf6+ Qxf6 48. gxf6 1-0

[Event "DVM U14 2024"]
[Site "Heidelberg"]
[Date "2024.12.29"]
[Round "5"]
[White "Sosnicki, Adrian"]
[Black "Bodriyenko, Daniel"]
[Result "0-1"]
[ECO "C45"]
[WhiteElo "1259"]
[BlackElo "1694"]
[Annotator "NA"]
[PlyCount "74"]
[EventDate "2024.12.23"]
[EventType "team-tourn"]
[EventRounds "7"]
[EventCountry "GER"]
[SourceTitle "playchess.com"]
[Source "ChessBase"]
[SourceQuality "1"]
[TimeControl "40/5400+30:1800+30"]

1. e4 e5 2. Nf3 Nc6 3. d4 exd4 4. Nxd4 Bc5 5. Nxc6 Qf6 6. Qf3 Qxc6 7. Bd3 d6 8. O-O Be6 9. Nc3 a6 10. Be3 Ne7 11. a3 O-O-O 12. Ne2 Bxe3 13. Qxe3 d5 14. Nd4 Qb6 15. c3 Rhf8 16. b4 dxe4 17. Bxe4 Nd5 18. Qf3 g6 19. Nxe6 fxe6 20. Qh3 Rf7 21. Rad1 Kb8 22. c4 Rdf8 23. c5 Qc6 24. Qb3 Rd7 25. Rd2 Rfd8 26. a4 a5 27. bxa5 Qxc5 28. Rb1 Qb4 29. Qc2 Qxa5 30. Qc6 b6 31. Rdb2 Rd6 32. Qc4 Nc3 33. h3 Nxb1 34. Rxb1 Rd1+ 35. Rxd1 Rxd1+ 36. Kh2 Qe5+ 37. g3 Rd4 0-1

[Event "DVM U14 2024"]
[Site "Heidelberg"]
[Date "2024.12.29"]
[Round "5"]
[White "Nawrath, Lars"]
[Black "Maier, Kalle"]
[Result "0-1"]
[ECO "A45"]
[WhiteElo "1189"]
[BlackElo "1673"]
[Annotator "NA"]
[PlyCount "104"]
[EventDate "2024.12.23"]
[EventType "team-tourn"]
[EventRounds "7"]
[EventCountry "GER"]
[SourceTitle "playchess.com"]
[Source "ChessBase"]
[SourceQuality "1"]
[TimeControl "40/5400+30:1800+30"]

1. d4 Nf6 2. Bf4 c5 3. c3 Qb6 4. Qb3 Qxb3 5. axb3 Nc6 6. e3 cxd4 7. cxd4 e6 8. Nc3 Bb4 9. Bd3 O-O 10. Nf3 Nd5 11. Rc1 Nxf4 12. exf4 b6 13. O-O Bb7 14. Nb5 Rac8 15. Nc3 Na5 16. Nd2 Bd6 17. g3 Nc6 18. Ne2 Rc7 19. Nf3 Rfc8 20. Bb1 Ba6 21. Rfe1 Bxe2 22. Rxe2 Nxd4 23. Rxc7 Nxe2+ 24. Kf1 Nxg3+ 25. hxg3 Rxc7 26. Ke2 Kf8 27. Ne5 Bxe5 28. fxe5 h6 29. f4 d6 30. exd6 Rd7 31. Ke3 Rxd6 32. Bd3 f5 33. Ba6 Ke7 34. Bd3 Kf6 35. Ba6 g5 36. Bc4 gxf4+ 37. Kxf4 e5+ 38. Ke3 Kg5 39. Be2 f4+ 40. gxf4+ exf4+ 41. Kf3 h5 42. Kg2 Rd2 43. Kh3 Rxe2 44. b4 h4 45. b5 Re3+ 46. Kh2 Kg4 47. b4 Re2+ 48. Kg1 Kg3 49. Kf1 Rg2 50. Ke1 h3 51. Kf1 h2 52. Ke1 h1=R# 0-1

[Event "DVM U14 2024"]
[Site "Heidelberg"]
[Date "2024.12.29"]
[Round "5"]
[White "Petzold, Gustav"]
[Black "Splitt, Albert"]
[Result "1-0"]
[ECO "C45"]
[WhiteElo "935"]
[BlackElo "1571"]
[Annotator "NA"]
[PlyCount "97"]
[EventDate "2024.12.23"]
[EventType "team-tourn"]
[EventRounds "7"]
[EventCountry "GER"]
[SourceTitle "playchess.com"]
[Source "ChessBase"]
[SourceQuality "1"]
[TimeControl "40/5400+30:1800+30"]

1. e4 e5 2. Nf3 Nc6 3. d4 exd4 4. Nxd4 Bc5 5. Be3 Qf6 6. c3 Nge7 7. Bc4 Ne5 8. Bb3 a6 9. O-O d6 10. Na3 Qg6 11. f3 Bd7 12. Qd2 h5 13. Bd1 Bxa3 14. bxa3 Nc4 15. Qd3 Nxe3 16. Qxe3 Qf6 17. Rb1 b5 18. Re1 Kf8 19. e5 dxe5 20. Qxe5 Qxe5 21. Rxe5 f6 22. Re2 Nd5 23. Rc1 Nf4 24. Re3 c5 25. Ne2 Nd5 26. Rd3 Bc6 27. c4 Nb6 28. Rd6 Rc8 29. cxb5 axb5 30. Rxc5 Bb7 31. Rxc8+ Nxc8 32. Rd8+ Kf7 33. Rxh8 Nd6 34. Rxh5 Bc6 35. Kf2 Kg6 36. Nf4+ Kf7 37. Bb3+ Ke7 38. Rh7 Ne8 39. Bd5 Bd7 40. Ng6+ Kd8 41. Rh4 Kc7 42. Ke3 Kb6 43. Rb4 Kc5 44. Rd4 Nd6 45. g4 f5 46. Bb3 fxg4 47. fxg4 Be8 48. Ne7 Bd7 49. Rd5+ 1-0